 Dungeon Crawl Stone Soup version 0.28.0-43-g3370ac3207 (webtiles) character file.

Game seed: 2458578613186414402

1573 mortz the Carver (level 8, -8/70 HPs)
             Began as a Minotaur Fighter on Mar 20, 2022.
             Was a Follower of Makhleb.
             Mangled by a yak (12 damage)
             ... on level 4 of the Dungeon.
             The game lasted 00:23:57 (3557 turns).

mortz the Carver (Minotaur Fighter)                 Turns: 3557, Time: 00:23:57

Health: -8/70      AC: 15    Str: 22    XL:     8   Next: 59%
Magic:  7/7        EV:  7    Int:  5    God:    Makhleb [*.....]
Gold:   52         SH:  6    Dex: 17    Spells: 7/7 levels left

rFire   . . .      SeeInvis .   a - +0 long sword {long}
rCold   . . .      Faith    .   c - +0 buckler
rNeg    . . .      Spirit   .   A - +0 plate armour
rPois   .          Reflect  .   C - +2 hat
rElec   .          Harm     .   (no cloak)
rCorr   +          Rampage  .   (no gloves)
Will    .....                   (no boots)
Stlth   ..........              (no amulet)
HPRegen 0.21/turn               h - +6 ring of dexterity
MPRegen 0.10/turn               u - ring of resist corrosion

@: no status effects
A: horns 2, retaliatory headbutt
a: Renounce Religion


You were on level 4 of the Dungeon.
You worshipped Makhleb.
Makhleb was aware of your devotion.
You visited 1 branch of the dungeon, and saw 4 of its levels.

You collected 234 gold pieces.
You spent 182 gold pieces at shops.


Innate Abilities, Weirdness & Mutations

You have a pair of horns on your head.
You reflexively headbutt those who attack you in melee.


   Skills:
 + Level 5.9 Fighting
 + Level 9.1 Long Blades
 + Level 1.1 Throwing
 + Level 7.0 Armour
 + Level 2.7 Dodging
 + Level 1.3 Stealth
 + Level 5.2 Shields


You had 7 spell levels left.
You didn't know any spells.
Your spell library contained the following spells:

 Spells                   Type           Power      Damage    Failure   Level
 Static Discharge         Conj/Air       0%         N/A       100%        2
 Lightning Bolt           Conj/Air       0%         1d11      100%        5
 Maxwell's Capacitive Co  Air            0%         ∞         100%        8

Inventory:

Hand Weapons
 a - a +0 long sword (weapon) {long}
 q - a +2 dagger of speed {short}
   (You took it off a goblin on level 2 of the Dungeon)
Missiles
 e - 62 stones (quivered) {throwing}
 g - 4 poisoned darts {throwing}
 z - a boomerang {throwing}
Armour
 c - a +0 buckler (worn)
 k - a +0 troll leather armour {Pargi}
   (You found it on level 3 of the Dungeon)
 n - a +1 ring mail of fire resistance
   (You found it on level 2 of the Dungeon)
 A - a +0 plate armour (worn)
   (You found it on level 4 of the Dungeon)
 C - a +2 hat (worn)
   (You bought it in a shop on level 4 of the Dungeon)
Jewellery
 h - a +6 ring of dexterity (left hand)
   (You found it on level 1 of the Dungeon)
 u - a ring of resist corrosion (right hand)
   (You found it on level 3 of the Dungeon)
Wands
 v - a wand of iceblast (1)
   (You found it on level 3 of the Dungeon)
Scrolls
 b - a scroll of blinking {unknown}
 f - 4 scrolls of identify {unknown}
 i - 3 scrolls of noise {unknown}
 j - 2 scrolls of vulnerability {unknown}
 l - 2 scrolls of teleportation {unknown}
 m - a scroll of enchant armour {unknown}
 o - a scroll of summoning {unknown}
 r - 2 scrolls of fear {unknown}
 y - a scroll of magic mapping {unknown}
 B - a scroll of immolation {unknown}
Potions
 d - a potion of might
 p - 2 potions of resistance {unknown}
 s - 2 potions of heal wounds {unknown}
 t - a potion of curing {unknown}
 w - a potion of flight {unknown}
 x - 3 potions of berserk rage {unknown}

Dungeon Overview and Level Annotations

Branches:
Dungeon (4/15)
 Temple: D:4-7

Altars:
Hepliaklqana
Makhleb
Nemelex Xobeh
Okawaru

Shops:
D:4 ([(

Annotations:
D:3 2 runed translucent doors, Pemander's ghost, weakling FeEn

.'...Y.......#............#######
.#....Y.Y.∩..'...................
##..##.##.##†#............#'##...
##..########.#######......#..'...
##...# #....#...'......+..#...
...Y.# ##....#...#......#..####
###Y## #.....#####..)...#+###..
##.Y## ####..#######'#......#..
##.Y.# #..YY@.#....'......###
##.Y.# #......#....#.........
.....# #......#....#.........
.....# ########....#.........
##'### #......####+#.........
.... #.............###'#...
.....# #.............+...#...
.....# #.............#...'...
.....# #######.......#...#...


You could see 2 yaks.


Message History

The water moccasin bites you but does no damage.
You miss the water moccasin.
You block the water moccasin's attack. x2 😕 HP[+1]
You slash the water moccasin!
You headbutt the water moccasin, but do no damage.
The water moccasin barely misses you.
You slash the water moccasin! You block the water moccasin's attack.
The water moccasin bites you. 😮 HP[-4]
You take 4 damage, and now have 51/68 hp.
You completely miss the water moccasin. The water moccasin closely misses you.
You hit the water moccasin but do no damage.
Your headbutt misses the water moccasin.
The water moccasin closely misses you. You furiously retaliate!
You headbutt the water moccasin, but do no damage.
You block the water moccasin's attack. 😕 HP[+1]
You closely miss the water moccasin. You block the water moccasin's attack.
You hit the water moccasin.
You kill the water moccasin!
Makhleb accepts your kill.
You feel better.
Your Long Blades skill increases to level 8! 😕 HP[+4]
You now have 69 max hp (+1).
You regained 4 hp, and now have 56/69 hp.
You hit the yak. You headbutt the yak. The yak gores you. 😮 HP[-6]
You take 6 damage, and now have 50/69 hp.
You hit the yak. The yak gores you. 😮 HP[-1]
You take 1 damage, and now have 49/69 hp.
You slash the yak! You headbutt the yak, but do no damage.
The yak closely misses you. You furiously retaliate!
You headbutt the yak, but do no damage. You slash the yak!
The yak gores you! 😮 HP[-12]
You take 12 damage, and now have 37/69 hp.
You hit the yak but do no damage. You headbutt the yak!
You block the yak's attack.
You slash the yak!
You kill the yak!
Makhleb accepts your kill.
You feel better.
Your Shields skill increases to level 5! 😮 HP[+4]
You regained 4 hp, and now have 41/69 hp.
You barely miss the yak. You headbutt the yak. You block the yak's attack.
You barely miss the yak. You headbutt the yak! The yak gores you. 😮 HP[-5]
You take 5 damage, and now have 36/69 hp.
You slash the yak! Your headbutt misses the yak. The yak closely misses you.
You slash the yak!
You kill the yak!
Makhleb accepts your kill. 😮 HP[+1]
You now have 70 max hp (+1).
You completely miss the yak. The yak barely misses you.
You hit the yak. The yak barely misses you.
You hit the yak but do no damage. You block the yak's attack.
You hit the yak. You headbutt the yak! The yak barely misses you.
You hit the yak but do no damage. You headbutt the yak.
The yak barely misses you. 😮 HP[+1]
You barely miss the yak. Your headbutt misses the yak. The yak gores you!
* * * LOW HITPOINT WARNING * * *
You hear a bellow! 😨 HP[-12]
You take 12 damage, and now have 26/70 hp.
You completely miss the yak. The yak barely misses you.
You hit the yak. You headbutt the yak. The yak gores you but does no damage.
You hit the yak.
You kill the yak!
Makhleb accepts your kill.
Your Long Blades skill increases to level 9!
Your Armour skill increases to level 7!
You hit the yak. The yak gores you!
* * * LOW HITPOINT WARNING * * *
😱 HP[-11]
You take 11 damage, and now have 15/70 hp.
You hit the yak. The yak gores you but does no damage.
You hit the yak. You headbutt the yak! The yak gores you but does no damage.
You hit the yak. You block the yak's attack.
The yak gores you but does no damage.
You barely miss the yak. 😱 HP[+1]
You hit the yak but do no damage. The yak gores you.
* * * LOW HITPOINT WARNING * * *
😱 HP[-5]
You take 5 damage, and now have 11/70 hp.
You hit the yak. You block the yak's attack.
You slash the yak! The yak gores you!
* * * LOW HITPOINT WARNING * * *
😱 HP[-9]
You take 9 damage, and now have 2/70 hp. 😱 HP[+1]
You hit the yak.
The yak gores you but does no damage. 😱 HP[+1]
The yak gores you!
You die...

Skill      XL: |  1  2  3  4  5  6  7  8 |
---------------+-------------------------+-----
Shields        | 4 5 |  5.2
Armour         | 4 5 6 7 |  7.0
Long Blades    | 4 5 6 7 9 |  9.1
Fighting       | 4 5 |  5.9
Dodging        | 1 2 |  2.7
Throwing       | 1 |  1.1
Stealth        | 1 |  1.3

Action                   |  1- 3 |  4- 6 |  7- 9 || total
-------------------------+-------+-------+-------++-------
Melee: Long sword        |    84 |    54 |   106 ||   244
       Headbutt          |    12 |     8 |    26 ||    46
Throw: Dart              |     5 |       |       ||     5
 Stab: Distracted        |       |     1 |       ||     1
Armor: Scale mail        |    34 |     1 |       ||    35
       Troll leather arm |       |    15 |     3 ||    18
       Plate armour      |       |       |    27 ||    27
Dodge: Dodged            |    22 |    14 |    38 ||    74
Block: Buckler           |    17 |     6 |    26 ||    49

Levels and vault maps discovered:
D:1:      minmay_arrival_pointy, layout_basic,
          shapermc_ecumenical_altar_mp_ritualfount
D:2:      layout_basic, basic_altar
D:3:      layout_basic, nicolae_hepliaklqana_hippocampus,
          ebering_ghost_disaster_area, uniq_grinder, uniq_pargi
D:4:      layout_gridville, nicolae_overflow_hidden_temple,
          minmay_temple_entry_fiery, serial_shops, nicolae_shop_hallway_plus,
          shop, shop, shop, uniq_natasha

Notes
Turn   | Place    | Note
-------+----------+-------------------------------------------
     0 | D:1      | mortz the Minotaur Fighter began the quest for the Orb.
     0 | D:1      | Reached XP level 1. HP: 19/19 MP: 0/0
     0 | D:1      | magus.rc [v1.9.6]
   151 | D:1      | Reached skill level 4 in Shields
   200 | D:1      | Reached XP level 2. HP: 23/27 MP: 1/1
   407 | D:1      | Reached skill level 4 in Armour
   703 | D:1      | Found a faded altar of an unknown god.
  1180 | D:2      | Reached XP level 3. HP: 33/33 MP: 2/2
  1308 | D:2      | Reached skill level 3 in Long Blades
  1425 | D:2      | Found a burning altar of Makhleb.
  1432 | D:2      | Became a worshipper of Makhleb the Destroyer
  1991 | D:3      | Noticed Pargi
  2002 | D:3      | Killed Pargi
  2003 | D:3      | Reached skill level 4 in Fighting
  2003 | D:3      | Reached skill level 4 in Long Blades
  2003 | D:3      | Reached XP level 4. HP: 31/40 MP: 3/3
  2003 | D:3      | Reached XP level 5. HP: 35/46 MP: 4/4
  2008 | D:2      | magus.rc [v1.9.6]
  2218 | D:3      | Noticed Grinder
  2220 | D:3      | Paralysed by Grinder for 5 turns
  2228 | D:3      | Paralysed by Grinder for 4 turns
  2235 | D:3      | Killed Grinder
  2236 | D:3      | Reached skill level 5 in Long Blades
  2236 | D:3      | Reached skill level 5 in Armour
  2236 | D:3      | Reached skill level 1 in Dodging
  2236 | D:3      | Reached XP level 6. HP: 30/53 MP: 5/5
  2349 | D:3      | Found a large runed translucent door.
  2349 | D:3      | Found a large runed translucent door.
  2350 | D:3      | Noticed Pemander's ghost (weakling FeEn)
  2366 | D:3      | Reached * piety under Makhleb
  2434 | D:3      | Found a hazy altar of Hepliaklqana.
  2492 | D:3      | Reached skill level 1 in Throwing
  2786 | D:4      | Reached skill level 6 in Long Blades
  2786 | D:4      | Reached XP level 7. HP: 60/60 MP: 6/6
  2809 | D:4      | Found a sparkling altar of Nemelex Xobeh.
  2813 | D:4      | Found an iron altar of Okawaru.
  2815 | D:4      | Noticed Natasha
  2821 | D:4      | Killed Natasha
  2822 | D:4      | Reached skill level 6 in Armour
  2900 | D:4      | You pick up a book of Lightning and begin reading...
  2900 | D:4      | You add the spells Static Discharge, Lightning Bolt and
                  | Maxwell's Capacitive Coupling to your library.
  2936 | D:4      | Reached skill level 5 in Fighting
  3088 | D:4      | Reached skill level 2 in Dodging
  3202 | D:4      | Found Ciodaj's Weapon Boutique.
  3237 | D:4      | Reached skill level 1 in Stealth
  3261 | D:4      | Reached skill level 7 in Long Blades
  3444 | D:4      | Found Qyjuabb's Antique Armour Shoppe.
  3449 | D:4      | Bought an embroidered hat for 182 gold pieces
  3458 | D:4      | Found Ykleugro's Antique Weapon Boutique.
  3487 | D:4      | Noticed a yak
  3488 | D:4      | Noticed a yak
  3488 | D:4      | Noticed a yak
  3488 | D:4      | Noticed a yak
  3488 | D:4      | Noticed a yak
  3490 | D:4      | Noticed a yak
  3512 | D:4      | Killed a yak
  3513 | D:4      | Reached XP level 8. HP: 54/68 MP: 7/7
  3523 | D:4      | Reached skill level 8 in Long Blades
  3529 | D:4      | Reached skill level 5 in Shields
  3542 | D:4      | Reached skill level 9 in Long Blades
  3542 | D:4      | Reached skill level 7 in Armour
  3542 | D:4      | HP: 15/70 [yak (12)]
  3547 | D:4      | HP: 11/70 [yak (5)]
  3549 | D:4      | HP: 2/70 [yak (9)]
  3557 | D:4      | Mangled by a yak

Vanquished Creatures
  Grinder (D:3)
  4 yaks (D:4)
  A water moccasin (D:4)
  Pargi (D:3)
  A necrophage (D:4)
  An ogre (D:4)
  A centaur zombie (D:3)
  2 hounds (D:4)
  A jelly (D:4)
  4 orc priests
  2 orc wizards
  Natasha (D:4)
  2 hound skeletons (D:4)
  An adder (D:2)
  An adder skeleton (D:4)
  A worm (D:2)
  3 dart slugs
  7 orcs
  5 ball pythons
  10 endoplasms
  3 giant cockroaches
  7 goblins
  7 hobgoblins
  6 kobolds
  A quokka (D:2)
  3 bats
  4 rats
81 creatures vanquished.

Vanquished Creatures (others)
  A goblin (D:3)
1 creature vanquished.

Grand Total: 82 creatures vanquished

Table legend:
 A = Non-vault XP
 B = Vault XP
 C = Vault XP percentage of total XP
 D = Non-vault monster count
 E = Vault monster count
 F = Vault count percentage of total count
                 A         B        C        D         E       F
            +---------+---------+-------+---------+---------+-------
      Total |    1791 |     457 |  20.3 |      78 |       3 |   3.7
            +---------+---------+-------+---------+---------+-------
        D:1 |      39 |       0 |   0.0 |      20 |       0 |   0.0
        D:2 |      44 |       0 |   0.0 |      17 |       0 |   0.0
        D:3 |     152 |     422 |  73.5 |      17 |       2 |  10.5
        D:4 |    1556 |      35 |   2.2 |      24 |       1 |   4.0
            +---------+---------+-------+---------+---------+-------

Illustrated notes

Table legend:
 A = Kills in this place as a percentage of kills in entire the game.
 B = Kills by you in this place as a percentage of kills by you in the entire game.
 C = Kills by friends in this place as a percentage of kills by friends in the entire game.
 D = Other kills in this place as a percentage of other kills in the entire game.
 E = Experience gained in this place as a percentage of experience gained in the entire game.
 F = Experience gained in this place divided by the number of levels of this place that you have seen.
                   A       B       C       D       E      F
               +-------+-------+-------+-------+-------+----------------------
         Total | 100.0 | 100.0 |   N/A |   N/A | 100.0 | 562.0
       Dungeon | 100.0 | 100.0 |   N/A |   N/A | 100.0 | 562.0
               +-------+-------+-------+-------+-------+----------------------

Table legend: (Time is in decaauts)
 A = Elapsed time spent in this place.
 B = Non-inter-level travel time spent in this place.
 C = Inter-level travel time spent in this place.
 D = Time resting spent in this place.
 E = Time spent auto-exploring this place.
 F = Levels seen in this place.
 G = Mean time per level.
                   A        B        C        D        E       F      G
               +--------+--------+--------+--------+--------+-----+--------+
         Total |   3598 |   3546 |     52 |     18 |   2709 |   4 |  899.5 |
       Dungeon |   3598 |   3546 |     52 |     18 |   2709 |   4 |  899.5 |
               +--------+--------+--------+--------+--------+-----+--------+

Top non-repeatable levels by time:
     D:1: 1183 daAuts
     D:2: 898 daAuts
     D:4: 788 daAuts
     D:3: 728 daAuts
